 Dungeon Crawl Stone Soup version 0.31-a0-853-gc9b61b78f7 (webtiles) character file.

Game seed: 12966246863590889909

63446 CrazyBamboolord the Fighter (level 15, -15/139 HPs)
             Began as a Ghoul Fighter on Oct 8, 2023.
             Was the Champion of Makhleb.
             Demolished by an orc warlord
             ... wielding a +2 bardiche of flaming
              (45 damage)
             ... on level 2 of the Orcish Mines.
             The game lasted 00:43:15 (20090 turns).

CrazyBamboolord the Fighter (Ghoul Fighter)        Turns: 20090, Time: 00:43:16

Health: -15/139    AC: 21    Str: 32    XL:     15   Next: 9%
Magic:  20/20      EV: 10    Int:  5    God:    Makhleb [******]
Gold:   1361       SH: 16    Dex: 14    Spells: 14/14 levels left

rFire   . .          .
                       - Unarmed
rCold   + + .        b - +0 kite shield {reflect}
rNeg    + + +        t - +3 ring mail
rPois   ∞            m - +2 helmet
rElec   .            G - +2 cloak
rCorr   +            (no gloves)
SInv    .            r - +2 pair of boots
Will    +....        h - amulet of reflection
Stlth   +            o - +6 ring of strength
HPRegen 0.00/turn    p - ring of Lonkug {Contam rC+ rCorr Dex+6}
MPRegen 0.17/turn

%: reflection
@: inhibited regen
A: claws 1, cold resistance 1, negative energy resistance 3, inhibited
regeneration, torment resistance 2, devour on kill
a: Renounce Religion, Minor Destruction, Lesser Servant of Makhleb, Major
Destruction, Greater Servant of Makhleb


You were on level 2 of the Orcish Mines.
You worshipped Makhleb.
Makhleb was exalted by your worship.
You visited 4 branches of the dungeon, and saw 20 of its levels.

You collected 2488 gold pieces.
You spent 1127 gold pieces at shops.

Inventory:

Missiles
 E - a throwing net
Armour
 b - a +0 kite shield of reflection (worn)
 m - a +2 helmet (worn)
 r - a +2 pair of boots (worn)
 t - a +3 ring mail (worn)
 G - a +2 cloak (worn)
Jewellery
 h - an amulet of reflection (around neck)
 k - a ring of see invisible
 o - a +6 ring of strength (left claw)
 p - the ring of Lonkug (right claw) {Contam rC+ rCorr Dex+6}
   (You found it on level 4 of the Dungeon)

   [ring of resist corrosion]

   Dex+6:     It affects your dexterity (+6).
   rC+:       It protects you from cold.
   Contam:    It causes magical contamination when unequipped.
   rCorr:     It protects you from acid and corrosion.
 N - a ring of willpower
Wands
 c - a wand of charming (5)
 j - a wand of iceblast (6)
 l - a wand of polymorph (18)
 B - a wand of flame (41)
 C - a wand of light (12)
Scrolls
 a - 2 scrolls of identify
 d - 2 scrolls of noise
 e - 3 scrolls of enchant weapon
 f - 5 scrolls of fog
 g - 3 scrolls of brand weapon
 i - 3 scrolls of amnesia
 s - 2 scrolls of revelation
 v - a scroll of summoning
 x - 4 scrolls of silence
 y - a scroll of immolation
 A - a scroll of fear
Potions
 n - 3 potions of enlightenment
 u - 2 potions of brilliance
 w - 2 potions of might
 z - 2 potions of attraction
 D - 3 potions of resistance
 F - a potion of magic
 H - a potion of heal wounds
 J - 2 potions of curing
 L - a potion of haste
 M - a potion of cancellation


   Skills:
 * Level 14.9 Fighting
 * Level 12.7 Armour
 + Level 9.5 Shields
 * Level 14.7 Unarmed Combat
 + Level 9.2 Invocations


You had 14 spell levels left.
You didn't know any spells.
Your spell library contained the following spells:

 Spells                   Type           Power      Damage    Failure   Level
 Magic Dart               Conj           0%         1d3       71%         1
 Sting                    Tmut/Pois      0%         1d3       71%         1
 Poisonous Vapours        Pois/Air       0%         N/A       85%         2
 Searing Ray              Conj           0%         2d4       85%         2
 Static Discharge         Conj/Air       0%         2-2/arc   85%         2
 Dazzling Flash           Conj/Hex       0%         N/A       97%         3
 Airstrike                Air            0%         2d(0-16)  100%        4
 Fulminant Prism          Conj/Hex       0%         3d5       100%        4
 Olgreb's Toxic Radiance  Pois           0%         N/A       100%        4
 Petrify                  Tmut/Erth      0%         N/A       100%        4
 Summon Lightning Spire   Summ/Air       0%         N/A       100%        4
 Agony                    Necr           0%         N/A       100%        5
 Irradiate                Conj/Tmut      0%         3d11      100%        5
 Silence                  Hex/Air        0%         N/A       100%        5
 Haunt                    Necr/Summ      0%         N/A       100%        7
 Sublimation of Blood     Necr           Unusable   N/A       N/A         2
 Borgnjor's Revivificati  Necr           Unusable   N/A       N/A         8
 Death's Door             Necr           Unusable   N/A       N/A         9

Dungeon Overview and Level Annotations

Branches:
Dungeon (12/15)            Temple (1/1) D:6            Lair (5/5) D:10
 Shoals (0/4) Lair:2        Snake (0/4) Lair:2        Slime (0/5) Lair:4
    Orc (2/2) D:12            Elf (0/3) Orc:2

Altars:
Ashenzari
Cheibriados
Dithmenos
Fedhas
Gozag
Hepliaklqana
Kikubaaqudgha
Makhleb
Nemelex Xobeh
Okawaru
Qazlal
Ru
Sif Muna
Trog
Uskayaw
Vehumet
Wu Jian
Xom
Yredelemnul

Shops:
D:5 =   D:11 ?

Annotations:
D:3 1 runed translucent door, Crazy Yiuf


Innate Abilities, Weirdness & Mutations

You are immune to poison.
You have sharp fingernails.
Your flesh is cold resistant. (rC+)
You are immune to negative energy. (rN+++)
You do not regenerate when monsters are visible.
You are immune to unholy pain and torment.
You thrive by killing the living.


Message History

The orc warrior barely misses you.
Unknown command.
You barely miss the orc warrior.
The orc warrior is moderately wounded.
The orc warlord no longer looks unusually strong.
The orc warrior no longer looks unusually strong.
Unknown command.
You mangle the orc warrior!!
You kill the orc warrior!
Makhleb accepts your kill.
You feel better.
Unknown command.
The orc knight no longer looks unusually strong.
The orc no longer looks unusually strong. x2
Unknown command.
The orc warlord seems to regain its courage.
The orc warlord hits you from afar with a +2 bardiche of flaming.
The orc warlord burns you.
The orc warlord roars a battlecry!
The orcs go into a battle-frenzy!
The orc knight roars a battlecry!
The orc warlord goes into a battle-frenzy!
The orc knight roars a battlecry!
Items here: )))))) [[[[[[[ ††.
As you read the scroll of torment, it crumbles to dust.
You feel a surge of unholy energy.
The orc warlord convulses!
The orc knight convulses!
As you read the scroll of torment, it crumbles to dust.
You feel a surge of unholy energy.
The orc warlord convulses!
The orc knight convulses!
The orc warlord hits you from afar with a +2 bardiche of flaming!
* * * LOW HITPOINT WARNING * * *
The orc warlord burns you.
* * * LOW HITPOINT WARNING * * *
The orc warlord hits you but does no damage.
Items here: )))))) [[[[[[[ ††.
You scratch the orc warlord but do no damage.
The orc warlord is severely wounded.
The orc warlord hits you with a +2 bardiche of flaming!!!
You die...

...........................>.....
#..........#..........#o..#.#....
#...._....####.##.........o......
##........## #####.......###.#..#
##........# ##).....### ######
#####...## ##...o.### ##.##
#..)....# ### ##o.##.## #)@)####
##.## ###


You could see an orc warlord (strong), an orc knight (strong) and an orc
(strong).

Vanquished Creatures
  Donald (Orc:2)
  An orc warlord (Orc:2)
  Fannar (D:12)
  2 hydras
  A catoblepas (Lair:5)
  2 two-headed ogres (D:10)
  2 boulder beetles
  A death yak (Lair:4)
  3 tengu warriors
  An orc high priest (Orc:2)
  Sonja (D:12)
  Nergalle (Lair:2)
  2 skysharks
  5 orc knights
  2 deep elf pyromancers
  2 manticores (D:11)
  5 orc sorcerers
  5 cyclopes
  5 black mambas
  4 elephants
  A torpor snail (Lair:4)
  31 cane toads
  An unseen horror (D:11)
  11 komodo dragons
  A yaktaur (shapeshifter) (D:10)
  A kobold demonologist (D:10)
  A rime drake (Lair:2)
  A tyrant leech (Lair:5)
  A hornet (D:10)
  7 trolls
  Prince Ribbit (D:5)
  12 dream sheep
  11 blink frogs
  A centaur simulacrum (D:12)
  2 wraiths
  3 shadows
  A vampire (D:11)
  4 wyverns
  An unseen horror simulacrum (D:10)
  3 basilisks
  69 yaks
  3 steam dragons
  5 vampire mosquitoes (Lair:5)
  3 wargs
  Menkaure (D:5)
  3 nagas (Lair:2)
  An acid dragon (D:12)
  2 water moccasins
  5 sky beasts
  25 orc warriors
  3 black bears
  5 ogres
  4 wolves (Lair:4)
  A centaur (D:7)
  4 phantoms
  3 kobold brigands
  10 bullfrogs
  2 scorpions
  9 killer bees
  3 electric eels
  2 hounds
  7 jellies
  27 orc priests
  An iguana (D:5)
  17 orc wizards
  2 sleepcaps (D:6)
  Natasha (twice) (D:2)
  Robin (D:3)
  7 gnolls
  5 adders
  A white imp (D:7)
  An ufetubus (D:6)
  2 worms
  A dart slug (D:2)
  74 orcs
  A bat zombie (D:7)
  7 endoplasms
  4 giant cockroaches
  14 goblins
  8 hobgoblins
  A jackal (D:4)
  3 quokkas
  7 ball pythons
  4 bats
  3 frilled lizards
  12 kobolds
  7 rats
  2 rat zombies (D:7)
526 creatures vanquished.

Vanquished Creatures (collateral kills)
  A cane toad (Lair:5)
  A tyrant leech (Lair:5)
  A blink frog (Lair:5)
  3 orcs (Orc:2)
6 creatures vanquished.

Grand Total: 532 creatures vanquished

Notes
Turn   | Place    | Note
-------+----------+-------------------------------------------
     0 | D:1      | CrazyBamboolord the Ghoul Fighter began the quest for the
                  | Orb.
     0 | D:1      | Reached XP level 1. HP: 19/19 MP: 0/0
    83 | D:1      | Reached XP level 2. HP: 17/26 MP: 1/1
   643 | D:2      | Reached XP level 3. HP: 33/33 MP: 2/2
   749 | D:2      | Noticed Natasha
   763 | D:2      | HP: 1/33 [cerulean imp/+1 spear[Natasha] (2)]
   764 | D:2      | Killed Natasha
   765 | D:2      | Reached XP level 4. HP: 4/40 MP: 3/3
  1033 | D:2      | Found a bloodstained altar of Trog.
  1064 | D:2      | Noticed Natasha
  1073 | D:2      | Killed Natasha
  1228 | D:3      | Reached XP level 5. HP: 38/46 MP: 4/4
  1313 | D:3      | Found a sacrificial altar of Ru.
  1662 | D:3      | Found a runed translucent door.
  1663 | D:3      | Noticed Crazy Yiuf
  1710 | D:3      | Noticed Robin
  1749 | D:3      | Killed Robin
  1822 | D:3      | Reached XP level 6. HP: 39/53 MP: 5/5
  1870 | D:3      | Identified the +1 great mace of Tilesupu {heavy, rC+ Will+
                  | SInv}
  1881 | D:3      | Found a sparkling altar of Nemelex Xobeh.
  2395 | D:4      | Reached skill level 5 in Fighting
  2444 | D:4      | Identified the ring of Lonkug {Contam rC+ rCorr Dex+6}
  2488 | D:4      | Reached XP level 7. HP: 48/61 MP: 6/6
  2567 | D:4      | Found a shimmering altar of Xom.
  3201 | D:4      | Reached skill level 5 in Unarmed Combat
  3325 | D:4      | Reached skill level 5 in Armour
  3325 | D:4      | Reached XP level 8. HP: 66/70 MP: 7/7
  3468 | D:4      | Identified the +9 quarterstaff "Qifeir" {freeze, rElec
                  | Str+3 Dex+8 Stlth-}
  3518 | D:5      | Entered Level 5 of the Dungeon
  3547 | D:5      | Found Kufuc's Jewellery Shop.
  3641 | D:5      | Noticed Menkaure
  3875 | D:5      | Killed Menkaure
  3934 | D:5      | Noticed Prince Ribbit
  3953 | D:5      | Killed Prince Ribbit
  4171 | D:5      | Found a hide-covered altar of Uskayaw.
  4357 | D:6      | Found a stormy altar of Qazlal.
  4392 | D:6      | Found a staircase to the Ecumenical Temple.
  4409 | Temple   | Entered the Ecumenical Temple
  4462 | Temple   | Became a worshipper of Makhleb the Destroyer
  4547 | D:6      | Found a basalt altar of Yredelemnul.
  4700 | D:6      | Reached skill level 1 in Invocations
  4700 | D:6      | Reached XP level 9. HP: 73/79 MP: 8/8
  5185 | D:7      | Reached skill level 5 in Shields
  5528 | D:7      | Reached * piety under Makhleb
  5841 | D:7      | Found an ancient bone altar of Kikubaaqudgha.
  6841 | D:8      | Reached XP level 10. HP: 90/90 MP: 11/11
  6899 | D:8      | Reached ** piety under Makhleb
  7904 | D:10     | Entered Level 10 of the Dungeon
  7951 | D:10     | Noticed a kobold demonologist
  7961 | D:10     | Noticed a cyclops
  8342 | D:10     | Noticed a two-headed ogre
  8342 | D:10     | Noticed a two-headed ogre
  8351 | D:10     | Killed a two-headed ogre
  8355 | D:10     | Killed a two-headed ogre
  8356 | D:10     | Reached skill level 10 in Fighting
  8356 | D:10     | Reached XP level 11. HP: 98/99 MP: 13/13
  8424 | D:10     | Noticed a boulder beetle
  8469 | D:10     | Killed a boulder beetle
  8494 | D:10     | HP: 5/100 [troll (9)]
  8501 | D:10     | HP: 5/100 [troll (13)]
  8501 | D:10     | HP: 2/100 [troll (3)]
  8768 | D:10     | Noticed a five-headed hydra
  8779 | D:10     | Killed a five-headed hydra
  8780 | D:10     | Reached skill level 10 in Unarmed Combat
  8780 | D:10     | Reached skill level 5 in Invocations
  8780 | D:10     | Noticed a tengu warrior
  9160 | D:10     | Reached *** piety under Makhleb
  9287 | D:10     | Killed a cyclops
  9402 | D:10     | Noticed an orc knight
  9415 | D:10     | Killed an orc knight
  9637 | D:10     | Killed a tengu warrior
  9820 | D:10     | Noticed a deep elf pyromancer
  9842 | D:10     | Killed a deep elf pyromancer
 10356 | D:10     | Found a staircase to the Lair.
 10579 | Lair:1   | Entered Level 1 of the Lair of Beasts
 10609 | D:10     | Reached XP level 12. HP: 81/110 MP: 15/15
 11288 | Lair:1   | Reached skill level 10 in Armour
 12140 | Lair:2   | Found a staircase to the Shoals.
 12443 | Lair:2   | Noticed Nergalle
 12452 | Lair:2   | Killed Nergalle
 12534 | Lair:2   | Found a staircase to the Snake Pit.
 13493 | Lair:3   | You fall into a shaft and drop 2 floors!
 13493 | Lair:5   | Entered Level 5 of the Lair of Beasts
 13524 | Lair:5   | Reached XP level 13. HP: 119/119 MP: 17/17
 13526 | Lair:5   | Reached **** piety under Makhleb
 14713 | Lair:4   | Reached ***** piety under Makhleb
 14979 | Lair:4   | Found a staircase to the Slime Pits.
 15659 | Lair:5   | HP: 1/122 [cane toad (11)]
 16111 | Lair:5   | Reached XP level 14. HP: 126/130 MP: 19/19
 17061 | D:11     | Found Puisur's Magic Scroll Shop.
 17068 | D:11     | Bought a scroll of acquirement for 728 gold pieces
 17068 | D:11     | Bought a scroll of torment for 133 gold pieces
 17068 | D:11     | Acquired 884 gold pieces
 17070 | D:11     | Bought a scroll of enchant armour for 105 gold pieces
 17070 | D:11     | Bought a scroll of fog for 56 gold pieces
 17070 | D:11     | Bought a scroll of enchant armour for 105 gold pieces
 18227 | D:12     | Found a shimmering altar of Xom.
 18349 | D:12     | Identified the +5 arbalest of Uskayaw's Generosity {freeze,
                  | rCorr}
 18427 | D:12     | Noticed Fannar
 18428 | D:12     | Noticed Sonja
 18460 | D:12     | Killed Fannar
 18468 | D:12     | Killed Sonja
 18521 | D:12     | Reached ****** piety under Makhleb
 18963 | D:12     | Found a staircase to the Orcish Mines.
 18973 | Orc:1    | Entered Level 1 of the Orcish Mines
 19028 | Orc:1    | Paralysed by an orc sorcerer for 5 turns
 19273 | Orc:2    | Entered Level 2 of the Orcish Mines
 19303 | Orc:2    | Found a staircase to the Elven Halls.
 19364 | Orc:2    | Noticed Donald
 19374 | Orc:2    | Killed Donald
 19397 | Orc:2    | Noticed an orc warlord
 19833 | Orc:2    | Reached XP level 15. HP: 112/139 MP: 20/20
 20040 | Orc:2    | Killed an orc warlord
 20051 | Orc:2    | Noticed an orc warlord
 20090 | Orc:2    | Demolished by an orc warlord

Illustrated notes

Levels and vault maps discovered:
D:1:      dpeg_arrival_pits, layout_basic
D:2:      layout_rooms, basic_altar, uniq_natasha
D:3:      layout_loops_cross, nemelex_diamond_rough_becter,
          mainiacjoe_overflow_24_doors, uniq_robin, uniq_crazy_yiuf_cottage
D:4:      minmay_thinvault, layout_basic, mainiacjoe_overflow_small_starburst
D:5:      layout_rooms, mainiacjoe_overflow_catwalk, serial_shops,
          nicolae_stop_n_shop_1, supply_closet_lemuel, uniq_prince_ribbit1,
          uniq_menkaure
D:6:      layout_loops_ring, lemuel_crystal_altar,
          nicolae_qazlal_eye_of_the_storm, minmay_temple_entry_arrows,
          moated_statue, serial_park_tiny_2, nicolae_letterblocks
          [nicolae_letter_subblock, nicolae_letter_subblock,
          nicolae_letter_subblock, nicolae_letter_subblock,
          nicolae_letter_subblock, nicolae_letter_subblock,
          nicolae_letter_subblock, nicolae_letter_subblock,
          nicolae_letter_subblock, nicolae_letter_subblock,
          nicolae_letter_subblock, nicolae_letter_subblock,
          nicolae_letter_subblock, nicolae_letter_subblock,
          nicolae_letter_subblock, nicolae_letter_subblock,
          nicolae_letter_subblock, nicolae_letter_subblock,
          nicolae_letter_subblock, nicolae_letter_subblock,
          nicolae_letter_subblock, nicolae_letter_subblock,
          nicolae_letter_subblock, nicolae_letter_subblock,
          nicolae_letter_subblock]
D:7:      layout_basic, lemuel_zombie_altar_kikubaaqudgha
D:8:      layout_gridville, mrwooster_statue_mirror, grunt_ogre_cave,
          nicolae_wand_duel, skrybe_limestone_x
D:9:      layout_cave_pools
D:10:     minmay_the_grid_net [minmay_the_grid_armoury,
          minmay_the_grid_odd_star, minmay_the_grid_all_tris,
          minmay_the_grid_minigrid_large, minmay_the_grid_medium_cups,
          minmay_the_grid_prize_big_room], layout_gridville
D:11:     layout_loops_corners, serial_shops, shop_fountains
D:12:     minmay_bloctagon_deflated, layout_basic, orc_0_dummy,
          xom_teletrap_fun, uniq_sonja, uniq_fannar
Temple:   regret_index_temple_waves
Lair:1:   layout_long_grid, chequers_serial_rivers_micro_d, grunt_megastairs_1
Lair:2:   layout_gridlike, shoals_dummy_entry, nicolae_snake_entry_squirm,
          uniq_nergalle
Lair:3:   layout_regular_city
Lair:4:   layout_cave_pods, slime_entry_1
Lair:5:   minmay_lair_end_frog_pond, layout_regular_city
Orc:1:    layout_caves
Orc:2:    st_orc_pillars, layout_diamond_mine, basic_altar,
          nicolae_orc_lava_room, uniq_donald

Skill      XL: |  1  2  3  4  5  6  7  8  9 10 11 12 13 14 |
---------------+-------------------------------------------+-----
Armour         | 3 4 5 6 7 8 9 10 11 12 | 12.7
Shields        | 3 4 5 6 7 8 9 |  9.5
Unarmed Combat | 3 4 5 6 8 9 10 12 13 14 | 14.7
Fighting       | 4 5 6 7 8 10 11 12 13 14 | 14.9
Invocations    | 1 3 4 5 7 8 9 |  9.2

Action                     |  1- 3 |  4- 6 |  7- 9 | 10-12 | 13-15 || total
---------------------------+-------+-------+-------+-------+-------++-------
  Melee: Unarmed           |    94 |   172 |   381 |   576 |   932 ||  2155
 Invoke: Minor Destruction |       |       |       |     3 |     6 ||     9
         Lesser Servant of |       |       |       |     2 |     1 ||     3
         Greater Servant o |       |       |       |       |     2 ||     2
         Major Destruction |       |       |       |       |     1 ||     1
  Evoke: Wand              |       |       |       |     2 |       ||     2
    Use: Scroll            |       |     2 |     7 |    17 |    20 ||    46
         Potion            |       |     3 |     2 |     9 |     4 ||    18
 Armour: Scale mail        |    71 |    95 |   214 |   472 |   294 ||  1146
         Ring mail         |       |       |       |       |   270 ||   270
  Dodge: Dodged            |    59 |    53 |   108 |   242 |   307 ||   769
  Block: Buckler           |    31 |    67 |   174 |   353 |   363 ||   988
         Reflection        |       |       |     6 |    10 |     6 ||    22
         Kite shield       |       |       |       |       |   146 ||   146

Table legend: (Time is in decaauts)
 A = Elapsed time spent in this place.
 B = Non-inter-level travel time spent in this place.
 C = Inter-level travel time spent in this place.
 D = Time resting spent in this place.
 E = Time spent auto-exploring this place.
 F = Levels seen in this place.
 G = Mean time per level.
                   A        B        C        D        E       F      G
               +--------+--------+--------+--------+--------+-----+--------+
         Total |  19797 |  19054 |    743 |   2129 |  13090 |  20 |  989.8 |
       Dungeon |  12701 |  12246 |    455 |   1474 |   8480 |  12 | 1058.4 |
        Temple |    104 |     10 |     94 |      0 |      0 |   1 |  104.0 |
          Lair |   5918 |   5754 |    164 |    392 |   4230 |   5 | 1183.6 |
  Orcish Mines |   1072 |   1042 |     30 |    263 |    379 |   2 |  536.0 |
               +--------+--------+--------+--------+--------+-----+--------+

Top non-repeatable levels by time:
    D:10: 3069 daAuts
  Lair:5: 1679 daAuts
  Lair:4: 1539 daAuts
     D:4: 1414 daAuts
    D:11: 1147 daAuts
     D:3: 1051 daAuts
  Lair:1: 966 daAuts
     D:7: 945 daAuts
  Lair:2: 942 daAuts
     D:8: 927 daAuts
     D:9: 870 daAuts
  Lair:3: 792 daAuts
   Orc:2: 773 daAuts
    D:12: 728 daAuts
     D:6: 669 daAuts
